 Dungeon Crawl Stone Soup version 0.30-a0-1163-gf69bf04e7a (webtiles) character file.

Game seed: 15521695964242951998

165 subawu the Slicer (level 5, -6/43 HPs)
             Began as a Gnoll Wanderer on Apr 28, 2023.
             Mangled by Menkaure (11 damage)
             ... on level 4 of the Dungeon.
             The game lasted 00:19:21 (3788 turns).

subawu the Slicer (Gnoll Wanderer)                  Turns: 3788, Time: 00:19:21

Health: -6/43      AC:  4    Str: 16    XL:     5   Next: 46%
Magic:  7/7        EV: 11    Int: 12    God:
Gold:   187        SH:  0    Dex: 13    Spells: 7/7 levels left

rFire   . . .        q - +7 dagger "Killer Bee's Regret" {venom, +Blink Str+3 Int+2 Stlth-}
rCold   . . .        (no shield)
rNeg    . . .        e - +0 leather armour
rPois   .            (no helmet)
rElec   +            (no cloak)
rCorr   .            c - +0 pair of gloves
SInv    .            (no boots)
Will    .....        (no amulet)
Stlth   ++           (no ring)
HPRegen 0.27/turn    (no ring)
MPRegen 0.10/turn

%: no passive effects
@: no status effects
A: fangs 1, strong nose, distributed training, camouflage 1, electricity
resistance, MP-powered wands
a: Evoke Blink


You were on level 4 of the Dungeon.
You visited 1 branch of the dungeon, and saw 4 of its levels.

You collected 187 gold pieces.

Inventory:

Hand Weapons
 a - a +2 short sword
 b - a +0 hand axe
 f - a +0 war axe
 k - the +27 heavy crossbow "Sniper" {heavy, Acc+∞ SInv}
   (You found it on level 2 of the Dungeon)

   Acc+∞: It never misses its target.
   SInv:      It lets you see invisible.
 q - the +7 dagger "Killer Bee's Regret" (weapon) {venom, +Blink Str+3 Int+2 Stlth-}
   (You found it on level 2 of the Dungeon)

   Str:       It affects your strength (+3).
   Int:       It affects your intelligence (+2).
   +Blink:    It lets you blink.
   Stlth:     It makes you less stealthy.
 B - a +0 flail
Missiles
 h - 33 stones (quivered)
 o - 11 poisoned darts
Armour
 c - a +0 pair of gloves (worn)
 e - a +0 leather armour (worn)
 g - a +0 robe
 x - a +0 robe
 y - a +0 buckler
Jewellery
 i - a ring of protection from fire
 A - a ring of willpower
Scrolls
 l - 4 scrolls of blinking {unknown}
 m - a scroll of immolation {unknown}
 n - a scroll of noise {unknown}
 r - a scroll of teleportation {unknown}
 t - a scroll of summoning {unknown}
 u - a scroll of poison {unknown}
 z - 3 scrolls of silence {unknown}
Potions
 d - a potion of brilliance
 j - 2 potions of degeneration {unknown}
 p - a potion of berserk rage {unknown}
 s - 2 potions of curing
 v - 3 potions of ambrosia {unknown}
 w - a potion of invisibility {unknown}


   Skills:
 + Level 4.8 Fighting
 + Level 8.6 Short Blades
 + Level 1.6 Long Blades
 + Level 3.0 Axes
 + Level 1.6 Maces & Flails
 + Level 1.6 Polearms
 + Level 1.6 Staves
 + Level 1.6 Ranged Weapons
 + Level 1.6 Throwing
 + Level 3.0 Armour
 + Level 1.6 Dodging
 + Level 2.8 Stealth
 + Level 1.6 Shields
 + Level 1.6 Unarmed Combat
 + Level 1.6 Spellcasting
 + Level 1.2 Conjurations
 + Level 1.2 Hexes
 + Level 1.2 Summonings
 + Level 1.2 Necromancy
 + Level 1.2 Translocations
 + Level 1.2 Transmutations
 + Level 1.2 Fire Magic
 + Level 1.2 Ice Magic
 + Level 1.2 Air Magic
 + Level 1.2 Earth Magic
 + Level 1.2 Poison Magic
 + Level 1.8 Invocations
 + Level 3.0 Evocations


You had 7 spell levels left.
You didn't know any spells.
Your spell library was empty.

Dungeon Overview and Level Annotations

Branches:
Dungeon (4/15)
 Temple: D:4-7

Altars:
Dithmenos

Shops:
D:4 *

Annotations:
D:4 Menkaure


Innate Abilities, Weirdness & Mutations

You have very sharp teeth.
Your uncanny sense of smell can sniff out nearby items.
Your experience applies equally to all skills.
Your skin changes colour to match your surroundings (Stealth+).
You are resistant to electric shocks. (rElec)
You expend magic power (3 MP) to strengthen your wands.


Message History

You hear the hiss of flowing sand.
There is an entrance to an ossuary on this level.
Hurry and find it before the portal is buried!
There is a stone staircase leading up here.
The iguana hisses angrily.
The iguana bites you! The iguana barely misses you. The iguana bites you!
You hit the iguana.
The iguana is poisoned.
The iguana is moderately wounded.
You puncture the iguana! You bite the iguana, but do no damage.
The iguana is almost dead.
You kill the iguana!
You see here an iguana corpse.
You start resting.
You hear the slow hiss of a very distant avalanche of sand.
You start resting.
HP restored.
Found a stone staircase leading up.
Found a stone staircase leading down.
Menkaure, Prince of Dust comes into view.
You hear the slow hiss of a very distant avalanche of sand.
A quokka comes into view.
Found Cuadimac's Assorted Antiques.
Menkaure shouts!
Menkaure calls on the powers of darkness!
Your body is wracked with pain!
Menkaure casts a spell.
Menkaure seems to speed up.
An adder comes into view.
Found a scroll labelled DUWKOGOATI.
Menkaure calls on the powers of darkness!
The adder convulses!
Your body is wracked with pain!
Menkaure casts a spell at you. Pain shoots through your body!
* * * LOW HITPOINT WARNING * * *
Found a scroll labelled HEFERY ELLYU.
Menkaure closely misses you.
You hit Menkaure. You bite Menkaure, but do no damage.
Menkaure is moderately damaged.
Menkaure hits you!
You die...

.#.####..##
........##
##.......#
###.....###
#.........#
.........####
......#<....##
.....>##.SM..####
..##.# #.#@.....#
.. #. #..#8.8.8.#
.r #....⌠.⌠..# ..
.....8.∩.8##
.......⌠.⌠.#
......8.8.8#
∆.....?..#####
..#....?


You could see Menkaure (fast) and an adder.

Vanquished Creatures
  An iguana (D:4)
  6 adders (D:3)
  3 gnolls (D:3)
  A worm (D:2)
  2 dart slugs
  2 orcs (D:3)
  4 endoplasms
  4 giant cockroaches
  3 hobgoblins
  A quokka (D:3)
  7 ball pythons
  6 bats
  A frilled lizard (D:1)
  3 goblins
  8 kobolds
  2 rats (D:3)
54 creatures vanquished.

Notes
Turn   | Place    | Note
-------+----------+-------------------------------------------
     0 | D:1      | subawu the Gnoll Wanderer began the quest for the Orb.
     0 | D:1      | subawu set off with the following items: a +2 short sword,
                  | a +0 hand axe, a +0 pair of gloves, a potion of brilliance,
                  | a +0 leather armour.
     0 | D:1      | Reached XP level 1. HP: 20/20 MP: 1/1
   270 | D:1      | Reached XP level 2. HP: 15/26 MP: 2/2
   656 | D:1      | Found a faded altar of an unknown god.
  1005 | D:2      | Found a shadowy altar of Dithmenos.
  1020 | D:2      | Identified the +7 dagger "Killer Bee's Regret" {venom,
                  | +Blink Str+3 Int+2 Stlth-}
  1104 | D:2      | Reached XP level 3. HP: 31/31 MP: 3/3
  1798 | D:2      | Reached skill level 1 in Invocations
  1800 | D:2      | Found the +27 heavy crossbow "Sniper" {heavy, Acc+∞ SInv}
  2000 | D:2      | Gained mutation: You are resistant to electric shocks.
                  | (rElec) [potion of mutation]
  2000 | D:2      | Gained mutation: You expend magic power (3 MP) to
                  | strengthen your wands. [potion of mutation]
  2000 | D:2      | Gained mutation: Your skin changes colour to match your
                  | surroundings (Stealth+). [potion of mutation]
  2376 | D:3      | Reached skill level 1 in Long Blades
  2376 | D:3      | Reached skill level 1 in Maces & Flails
  2376 | D:3      | Reached skill level 1 in Polearms
  2376 | D:3      | Reached skill level 1 in Staves
  2376 | D:3      | Reached skill level 1 in Ranged Weapons
  2376 | D:3      | Reached skill level 1 in Throwing
  2376 | D:3      | Reached skill level 1 in Dodging
  2376 | D:3      | Reached skill level 1 in Shields
  2376 | D:3      | Reached skill level 1 in Unarmed Combat
  2376 | D:3      | Reached skill level 1 in Spellcasting
  2676 | D:3      | Reached XP level 4. HP: 38/38 MP: 5/5
  2715 | D:3      | Reached skill level 1 in Conjurations
  2715 | D:3      | Reached skill level 1 in Hexes
  2715 | D:3      | Reached skill level 1 in Summonings
  2715 | D:3      | Reached skill level 1 in Necromancy
  2715 | D:3      | Reached skill level 1 in Translocations
  2715 | D:3      | Reached skill level 1 in Transmutations
  2715 | D:3      | Reached skill level 1 in Fire Magic
  2715 | D:3      | Reached skill level 1 in Ice Magic
  2715 | D:3      | Reached skill level 1 in Air Magic
  2715 | D:3      | Reached skill level 1 in Earth Magic
  2715 | D:3      | Reached skill level 1 in Poison Magic
  3077 | D:3      | Reached XP level 5. HP: 43/43 MP: 7/7
  3773 | D:4      | Noticed Menkaure
  3776 | D:4      | Found Cuadimac's Assorted Antiques.
  3788 | D:4      | Mangled by Menkaure

Illustrated notes

Levels and vault maps discovered:
D:1:      dpeg_arrival_stone_temple_mockup, layout_rooms, basic_ecumenical_altar
D:2:      layout_loops_corners, basic_altar
D:3:      layout_basic
D:4:      layout_cave_pools, temple_statues, serial_shops,
          nicolae_shop_temple_entry_statues_fountains,
          nicolae_ossuary_entry_plus, minmay_misc_feat_four_crosses,
          uniq_menkaure

Skill      XL: |  1  2  3  4  5 |
---------------+----------------+-----
Invocations    | 1 |  1.8
Long Blades    | 1 |  1.6
Maces & Flails | 1 |  1.6
Polearms       | 1 |  1.6
Staves         | 1 |  1.6
Ranged Weapons | 1 |  1.6
Throwing       | 1 |  1.6
Dodging        | 1 |  1.6
Shields        | 1 |  1.6
Unarmed Combat | 1 |  1.6
Spellcasting   | 1 |  1.6
Conjurations   | 1 |  1.2
Hexes          | 1 |  1.2
Summonings     | 1 |  1.2
Necromancy     | 1 |  1.2
Translocations | 1 |  1.2
Transmutations | 1 |  1.2
Fire Magic     | 1 |  1.2
Ice Magic      | 1 |  1.2
Air Magic      | 1 |  1.2
Earth Magic    | 1 |  1.2
Poison Magic   | 1 |  1.2
Axes           | 3 |  3.0
Armour         | 3 |  3.0
Evocations     | 3 |  3.0
Fighting       | |  4.8
Short Blades   | |  8.6
Stealth        | |  2.8

Action                     |  1- 3 |  4- 6 || total
---------------------------+-------+-------++-------
  Melee: Short sword       |    44 |       ||    44
         Bite              |     9 |     5 ||    14
         Dagger            |    30 |    57 ||    87
         Punch             |       |     1 ||     1
    Use: Potion            |     2 |       ||     2
         Scroll            |     1 |       ||     1
   Stab: Sleeping          |     1 |     1 ||     2
         Distracted        |       |     1 ||     1
 Armour: Leather armour    |    24 |    15 ||    39
  Dodge: Dodged            |    39 |    32 ||    71

Table legend: (Time is in decaauts)
 A = Elapsed time spent in this place.
 B = Non-inter-level travel time spent in this place.
 C = Inter-level travel time spent in this place.
 D = Time resting spent in this place.
 E = Time spent auto-exploring this place.
 F = Levels seen in this place.
 G = Mean time per level.
                   A        B        C        D        E       F      G
               +--------+--------+--------+--------+--------+-----+--------+
         Total |   3731 |   3064 |    667 |    281 |      0 |   4 |  932.8 |
       Dungeon |   3731 |   3064 |    667 |    281 |      0 |   4 |  932.8 |
               +--------+--------+--------+--------+--------+-----+--------+

Top non-repeatable levels by time:
     D:2: 1400 daAuts
     D:3: 1306 daAuts
     D:1: 910 daAuts
     D:4: 114 daAuts
